AoeStats
← Walid93

Arabia

510063448Analyzed
1v1 RM · 3d ago on Sep 29, 2026· 70m 57s· 2 players
Game mode
Random Map
Map size
Tiny (2 player)
Population
200
Speed
Normal
Resources
Standard
Victory
Conquest
Starting age
Dark Age
Ending age
Imperial Age
RankedLock teamsTeams togetherTeam positionsShared explorationLock speedFull tech treeHidden civsTurbo modeCheats
Victory
Defeat
🇦🇺 Danes · Australia
1227
+13
🇨🇭 Britons · Switzerland
1171
-13
Walid93
9:08 Feudal Age
9:15 Loom
15:58 Double-Bit Axe
15:55 Horse Collar
22:28 Castle Age
20:59 Fletching
21:24 Stone Mining
23:05 Light Cavalry
25:20 Bow Saw
26:27 Bodkin Arrow
27:34 Wheelbarrow
26:56 Town Watch
27:30 Padded Archer Armor
28:12 Ballistics
31:39 Leather Archer Armor
31:26 Town Watch
31:44 Heavy Plow
31:40 Gold Mining
32:02 Gambesons
31:40 Man-at-Arms
34:06 Long Swordsman
38:27 Squires
38:28 Scale Mail Armor
43:04 Imperial Age
46:55 Imperial Age
48:56 Gold Shaft Mining
48:47 Bracer
49:19 Yeomen
51:15 Elite Longbowman
56:04 Chain Mail Armor
55:59 Forging
56:15 Two-Handed Swordsman
57:38 Champion
60:04 Plate Mail Armor
63:47 Iron Casting
64:18 Arson
66:04 Blast Furnace
65:07 Town Watch
65:38 Hand Cart
65:49 Light Cavalry
71:06 Husbandry
71:12 Scale Barding Armor
SavLord
7:39 Loom
10:19 Feudal Age
10:34 Man-at-Arms
11:49 Double-Bit Axe
12:47 Horse Collar
23:51 Castle Age
22:14 Scale Mail Armor
23:20 Fletching
24:43 Squires
25:00 Chain Mail Armor
25:36 Forging
28:02 Wheelbarrow
30:25 Hand Cart
29:56 Town Watch
30:43 Arson
35:49 Gambesons
39:55 Iron Casting
42:57 Imperial Age
44:35 Plate Mail Armor
44:54 Elite Varangian Guard
46:42 Blast Furnace
51:10 Capped Ram
51:43 Gold Mining
52:10 Bow Saw
52:52 Conscription
56:04 Siege Ram
62:40 Elite Skirmisher
64:19 Ballistics
64:59 Chemistry
64:01 Bodkin Arrow
64:42 Thumb Ring
65:05 Bracer
65:06 Padded Archer Armor
67:14 Leather Archer Armor
71:53 Gold Shaft Mining
Connection lost

Rejoining the realm…

Still unreachable

The connection could not be restored.

Session expired

The server has moved on; the page needs a fresh start.